Map: King's Cove LE

Players

llllllllllll

  • Race: Protoss Protoss
  • League: Master
  • Spawn Location: 5:00

Lambo - Winner!

  • Race: Zerg Zerg
  • League: Master
  • Spawn Location: 11:00

VOD

Have the link to the VOD?

Description

Time

  • Played on: Jan. 26, 2019, 9:50 a.m.
  • Length: 11:38
Show
View Real Time Build Order
Export as new Build Order

llllllllllll Protoss 

Build Orders: 1 Gate Expand, Oracle Opening 

Get SALT Encoding   

  12  0:00  Probe  
  13  0:12  Probe  
  14  0:19  Pylon  
  14  0:24  Probe  
  15  0:33  Probe  
  15  0:40  Gateway  
  15  0:41  Probe  
  16  0:49  Assimilator  
  17  0:51  Probe  
  18  1:03  Probe  
  19  1:15  Probe  
  20  1:25  Nexus  
  20  1:34  Probe  
  20  1:35  Cybernetics Core  
  21  1:42  Probe  
  21  1:45  Assimilator  
  22  1:52  Pylon  
  22  1:54  Probe  
  22  2:01  Adept  
  23  2:10  Probe  
  26  2:20  Stargate  
  26  2:23  Probe  
  26  2:27  Pylon  
  27  2:33  Warp Gate, Probe  
  27  2:36  Probe  
  28  2:41  Probe  
  28  2:44  Stalker  
  31  2:48  Probe  
  33  2:51  Probe  
  33  2:57  Oracle  
  34  3:00  Probe  
  34  3:03  Probe  
  39  3:12  Probe  
  39  3:15  Probe  
  39  3:17  Gateway  
  41  3:25  Pylon, Probe  
  42  3:27  Probe  
  43  3:34  Oracle  
  43  3:39  Probe  
  46  3:43  Probe  
  46  3:47  Pylon  
  48  3:50  Probe  
  48  3:55  Probe  
  49  4:02  Probe  
  49  4:04  Probe  
  51  4:11  Nexus  
  51  4:12  Probe, Pylon  
  51  4:14  Probe  
  53  4:21  Probe  
  53  4:24  Adept  
  53  4:25  Adept  
  53  4:26  Probe  
  53  4:30  Robotics Facility  
  59  4:33  Probe  
  59  4:34  Robotics Facility  
  60  4:38  Probe  
  60  4:42  Shield Battery  
  60  4:43  Pylon  
  60  4:44  Assimilator  
  61  4:45  Probe  
  61  4:47  Assimilator  
  61  4:49  Probe  
  63  4:57  Probe  
  63  4:58  Probe  
  63  4:59  Forge  
  64  5:05  Probe  
  64  5:07  Probe  
  64  5:15  Probe  
  64  5:17  Probe  
  67  5:21  Observer  
  67  5:22  Immortal  
  67  5:23  Robotics Bay, Probe  
  67  5:24  Probe  
  73  5:29  Probe  
  73  5:33  Protoss Ground Weapons Level 1  
  73  5:34  Probe  
  74  5:36  Probe  
  74  5:41  Probe  
  74  5:42  Probe  
  75  5:46  Sentry, Zealot  
  75  5:48  Probe  
  75  5:49  Immortal, Probe  
  81  5:51  Assimilator  
  81  5:52  Probe  
  81  5:53  Assimilator  
  83  5:57  Pylon  
  83  5:58  Probe  
  83  6:02  Twilight Council  
  85  6:04  Probe  
  85  6:19  Extended Thermal Lance, Colossus  
  85  6:21  Gateway  
  85  6:23  Gateway, Photon Cannon  
  85  6:24  Stalker, Pylon  
  93  6:33  Blink, Pylon  
  93  6:36  Photon Cannon  
  93  6:50  Probe  
  93  6:53  Pylon  
  93  6:54  Colossus  
  94  6:57  Protoss Ground Weapons Level 2  
  100  7:04  Gateway  
  100  7:07  Gateway  
  100  7:08  Gateway  
  100  7:09  Gateway  
  100  7:13  Forge, Colossus  
  106  7:21  Stalker x2, Sentry x2  
  114  7:34  Protoss Ground Armor Level 1  
  114  7:38  Nexus  
  114  7:40  Pylon  
  114  7:47  Warp Prism  
  114  7:50  Pylon  
  116  7:51  Pylon  
  116  7:56  Stalker x4  
  124  8:00  Photon Cannon  
  124  8:03  Pylon  
  124  8:04  Shield Battery  
  124  8:12  Immortal  
  128  8:29  Stalker x7  
  128  8:34  Charge  
  142  8:39  Pylon  
  142  8:40  Pylon  
  142  9:03  Probe x3  
  142  9:04  Photon Cannon  
  142  9:06  Photon Cannon  
  142  9:08  Photon Cannon  
  145  9:11  Photon Cannon  
  145  9:15  Probe  
  146  9:19  Protoss Ground Armor Level 2  
  146  9:21  Stalker x6  
  154  9:30  Probe, Colossus  
  154  9:31  Probe  
  154  9:33  Probe  
  154  9:35  Probe  
  154  9:36  Pylon  
  158  9:44  Warp Prism  
  160  9:51  Colossus  
  160  9:52  Colossus  
  160  9:59  Probe x3  
  163  10:00  Probe  
  164  10:15  Probe  
  164  10:17  Pylon  
  165  10:21  Stalker x4  
  165  10:22  Stalker x2  
  177  10:31  Stalker x2  
  181  10:39  Colossus  
  187  10:50  Stalker x6  
  111  11:24  Stalker x8  
Show
View Real Time Build Order
Export as new Build Order

Lambo Zerg - Winner!

Build Orders: Hatch First 

Get SALT Encoding   

  12  0:00  Drone  
  13  0:12  Overlord  
  13  0:18  Drone  
  14  0:30  Drone x2  
  16  0:49  Hatchery  
  15  0:53  Drone  
  15  0:57  Drone  
  17  0:59  Drone  
  18  1:11  Extractor  
  18  1:14  Spawning Pool  
  18  1:18  Drone  
  17  1:22  Drone  
  18  1:28  Drone  
  19  1:39  Drone  
  20  1:57  Drone  
  20  2:01  Queen x2  
  21  2:02  Zergling x2  
  21  2:03  Overlord  
  26  2:11  Drone  
  26  2:14  Drone, Metabolic Boost  
  29  2:22  Drone  
  29  2:25  Drone  
  30  2:37  Hatchery  
  30  2:39  Drone  
  30  2:43  Drone  
  32  2:44  Drone  
  32  2:55  Overlord  
  32  2:57  Queen  
  34  3:00  Drone  
  34  3:01  Drone  
  36  3:13  Drone  
  36  3:14  Drone x3  
  36  3:15  Overlord  
  36  3:16  Drone  
  36  3:19  Drone x2  
  43  3:24  Drone  
  44  3:33  Queen  
  46  3:38  Drone x3  
  49  3:42  Spore Crawler x2  
  49  3:44  Drone x3  
  50  3:50  Overlord  
  50  3:52  Overlord  
  50  3:53  Spore Crawler  
  50  3:55  Drone  
  50  4:05  Overlord  
  50  4:08  Drone x3  
  50  4:09  Drone x3  
  55  4:13  Lair  
  55  4:16  Zergling x2  
  56  4:18  Drone  
  56  4:20  Extractor  
  56  4:21  Drone x2  
  56  4:22  Extractor  
  58  4:24  Drone  
  58  4:30  Drone x3  
  61  4:33  Evolution Chamber, Drone x2  
  62  4:38  Zergling x8  
  66  4:47  Queen  
  66  4:49  Drone x4  
  73  4:52  Drone  
  73  5:00  Zerg Missile Weapons Level 1  
  73  5:02  Overlord, Baneling Nest  
  73  5:03  Drone  
  73  5:04  Overlord  
  72  5:09  Drone x3  
  72  5:14  Drone  
  72  5:15  Drone  
  72  5:17  Hydralisk Den  
  72  5:18  Drone  
  72  5:20  Extractor, Drone  
  72  5:21  Extractor  
  72  5:22  Zergling x4  
  72  5:28  Drone x9  
  81  5:33  Drone  
  79  5:38  Drone x2  
  81  5:43  Drone  
  82  5:52  Hatchery  
  82  5:53  Drone x5  
  82  5:54  Extractor, Overseer  
  85  5:59  Drone x3  
  85  6:01  Evolution Chamber  
  87  6:05  Overlord x2  
  87  6:07  Overlord  
  87  6:10  Overlord  
  88  6:18  Drone x2  
  88  6:22  Drone, Infestation Pit  
  88  6:23  Drone  
  88  6:24  Drone x2  
  88  6:25  Drone x2  
  94  6:29  Zerg Melee Weapons Level 1  
  94  6:31  Drone x3  
  97  6:33  Drone x2  
  97  6:34  Pneumatized Carapace  
  99  6:40  Drone x3  
  99  6:42  Drone  
  103  6:50  Centrifical Hooks  
  103  6:51  Muscular Augments  
  103  6:59  Hydralisk x5  
  103  7:01  Hive  
  113  7:05  Spire  
  112  7:13  Overlord  
  112  7:14  Overlord, Zergling x4  
  112  7:15  Zergling x4  
  116  7:16  Zerg Missile Weapons Level 2  
  116  7:20  Hydralisk  
  116  7:21  Hydralisk  
  120  7:28  Extractor  
  120  7:29  Extractor  
  118  7:31  Queen  
  118  7:34  Hydralisk x2  
  124  7:39  Drone x2  
  124  7:40  Drone  
  124  7:41  Drone x3  
  130  7:46  Zergling x12  
  135  7:51  Overlord  
  135  7:52  Hatchery, Overlord  
  135  7:55  Overlord  
  135  7:56  Overlord  
  135  7:57  Overlord  
  134  8:00  Overlord  
  134  8:01  Overlord  
  134  8:02  Zergling x2  
  134  8:03  Grooved Spines  
  135  8:07  Baneling x21  
  135  8:12  Viper  
  136  8:14  Zergling x18  
  136  8:17  Zergling x12  
  154  8:21  Baneling x2  
  154  8:22  Hydralisk x2, Zergling x2  
  154  8:25  Viper  
  161  8:32  Zergling x2  
  161  8:33  Baneling  
  161  8:34  Baneling x10  
  162  8:36  Hydralisk  
  162  8:37  Zergling x4  
  166  8:43  Hydralisk x2  
  166  8:44  Zergling x12  
  166  8:48  Greater Spire  
  176  8:51  Hatchery  
  175  8:57  Overlord  
  174  9:10  Hydralisk x4  
  174  9:12  Overlord x2  
  182  9:19  Extractor  
  182  9:22  Extractor  
  179  9:31  Drone x2  
  179  9:33  Drone x4, Hydralisk x7  
  179  9:34  Zergling x2  
  179  9:36  Overlord  
  179  9:37  Overseer  
  199  9:38  Overlord x2  
  199  9:43  Adrenal Glands  
  199  9:47  Baneling x5  
  195  9:57  Queen  
  195  9:58  Overlord  
  195  10:01  Zergling x14  
  195  10:05  Baneling x15  
  200  10:15  Spine Crawler  
  199  10:26  Overseer  
  199  10:39  Zergling x2  
  200  10:44  Hatchery  
  199  10:50  Zergling x2  
  199  10:59  Overlord  
  198  11:08  Zergling x26  
  187  11:13  Zergling x22  
  179  11:19  Zergling x2  
  179  11:20  Zergling x2  
Tags
 
Add a new tag
Caveats
  • Supply blocks, unpowered buildings, or Contaminate may cause inaccurate times.
  • Supply counts are checked every 10 seconds.